 Dungeon Crawl Stone Soup version 0.19.0-2-gae57169 (webtiles) character file.

20631 evildog the Basher (level 12, 0/111 HPs)
             Began as a Minotaur Berserker on Nov 4, 2016.
             Was a High Priest of Trog.
             Hit by a large rock thrown by a cyclops (31 damage)
             ... on level 10 of the Dungeon.
             The game lasted 00:28:31 (12671 turns).

evildog the Basher (Minotaur Berserker)            Turns: 12671, Time: 00:28:31

Health: 0/111      AC: 24    Str: 29    XL:     12   Next: 47%
Magic:  11/11      EV: 12    Int:  4    God:    Trog [*****.]
Gold:   572        SH:  0    Dex: 10    Spells: 0 memorised, 11 levels left

rFire  . . .     SeeInvis +     F - +5 flail (crush)
rCold  + + +     Gourm    +     C - +3 chain mail {rC+}
rNeg   + . .     Faith    .     (no shield)
rPois  .         Spirit   .     (helmet restricted)
rElec  .         Reflect  .     t - +1 cloak "Tostur" {rC++ rN+ Str-3 SInv}
rCorr  .         Harm     .     n - +0 pair of gloves
MR     .....                    (no boots)
Stlth  ..........               v - amulet of the gourmand
                                B - +5 ring of strength (curse)
                                u - +5 ring of protection

@: no status effects
A: retaliatory headbutt, horns 2
a: Berserk, Trog's Hand, Brothers in Arms, Burn Spellbooks, Renounce Religion


You were on level 10 of the Dungeon.
You worshipped Trog.
Trog was extremely pleased with you.
You were not hungry.

You visited 2 branches of the dungeon, and saw 12 of its levels.

You collected 572 gold pieces.

Inventory:

Hand Weapons
 F - a +5 flail of crushing (weapon)
Missiles
 a - 7 tomahawks of returning
 b - 4 javelins (quivered)
Armour
 n - a +0 pair of gloves (worn)
 t - the +1 cloak "Tostur" (worn) {rC++ rN+ Str-3 SInv}
   (You found it on level 10 of the Dungeon)

   It affects your strength (-3).
   It greatly protects you from cold.
   It protects you from negative energy.
   It lets you see invisible.
 C - a +3 chain mail of cold resistance (worn)
Jewellery
 u - a +5 ring of protection (left hand)
 v - an amulet of the gourmand (around neck)
 B - a cursed +5 ring of strength (right hand)
Wands
 x - a wand of acid (4/15)
Scrolls
 h - 3 scrolls of recharging
 l - 3 scrolls of teleportation
 p - a scroll of fog
 w - 2 scrolls of enchant armour
 y - a scroll of immolation {unknown}
 z - 2 scrolls of fear
 D - a scroll of magic mapping
 G - a scroll of identify
Potions
 d - 4 potions of cancellation
 e - a potion of brilliance
 f - 3 potions of heal wounds
 g - 7 potions of curing
 i - a potion of invisibility
 j - a potion of berserk rage
 m - a potion of lignification
 o - a potion of cure mutation {unknown}
 s - a potion of agility {unknown}
 E - a potion of might {unknown}
Comestibles
 c - 9 bread rations
 k - 3 slices of pizza
 q - 3 meat rations
 r - a beef jerky
 A - 2 fruits


   Skills:
 + Level 11.7 Fighting
 + Level 13.8 Maces & Flails
 + Level 9.6 Throwing
 + Level 11.0 Armour
 * Level 7.4 Dodging


You had 11 spell levels left.
You didn't know any spells.

Dungeon Overview and Level Annotations

Branches:
Dungeon (11/15)            Temple (0/1) D:4            Lair (1/6) D:10
    Orc: D:9-12

Altars:
Xom

Shops:
D:8 }


Innate Abilities, Weirdness & Mutations

You reflexively headbutt those who attack you in melee.
You have a pair of horns on your head.


Message History

You start resting.
Throwing (i - inventory. (,) - cycle):
b - 7 javelins (quivered)
Press: ? - help, Shift-Dir - straight line, f - cyclops
Aim: a cyclops (hasn't noticed you)
You throw a javelin. The cyclops shouts!
The javelin hits the cyclops!
The cyclops is moderately wounded.
The cyclops throws a large rock.
The large rock closely misses you.
Throwing (i - inventory. (,) - cycle):
b - 6 javelins (quivered)
Press: ? - help, Shift-Dir - straight line, f/p - cyclops
Aim: a cyclops (moderately wounded)
You throw a javelin. The javelin barely misses the cyclops.
Throwing (i - inventory. (,) - cycle):
b - 5 javelins (quivered)
Press: ? - help, Shift-Dir - straight line, f/p - cyclops
Aim: a cyclops (moderately wounded)
You throw a javelin.
The javelin completely misses the cyclops.
The cyclops throws a large rock.
The large rock hits you!!
You die...

.......).).......................
......)))........................
........()..........##...........
...................C##...........
.................................
....###.##.......................
....#.....................#......
........#...#....###......#......
............#...@# ##.>...#....(.
............#########.....######(
.......####..................>.#.
....#.#........................(.
...##'#.##.......................
.##..............................
###..[...............C.....#.....
..............<............#.....
....#........(.............#.....


You could see a cyclops.

Vanquished Creatures
  A tengu reaver (D:10)
  A stone giant (D:10)
  Erolcha (D:11)
  An ogre mage (D:10)
  A hydra (Lair:1)
  A centaur warrior (D:10)
  5 death knights (D:11)
  2 skeletal warriors (D:11)
  A hill giant (D:11)
  Pikel (D:4)
  An oklob plant (Lair:1)
  A cyclops (D:11)
  A spiny frog (Lair:1)
  A centaur skeleton (D:11)
  A komodo dragon (Lair:1)
  A meliai (D:10)
  A troll (D:9)
  A two-headed ogre (D:11)
  Grinder (D:3)
  A hornet (D:10)
  Prince Ribbit (D:8)
  4 hippogriffs
  Sigmund (D:4)
  A wyvern (Lair:1)
  9 yaks
  Menkaure (D:7)
  3 water moccasins (Lair:1)
  Edmund (D:5)
  3 porcupines (Lair:1)
  4 ice beasts
  A necrophage (D:10)
  A hornet zombie (D:4)
  5 ogres
  An orc warrior (D:9)
  3 black bears
  2 centaurs
  7 wolves (Lair:1)
  5 big kobolds
  A crocodile (shapeshifter) (D:8)
  Blork the orc (D:4)
  11 bullfrogs
  2 scorpions
  A water moccasin skeleton (D:6)
  8 wights
  An electric eel (Lair:1)
  2 howler monkeys (D:10)
  A centaur zombie (D:9)
  4 crimson imps
  A quasit (D:8)
  4 hounds
  Crazy Yiuf (D:3)
  5 bullfrog skeletons
  2 orc priests
  A gnoll shaman (D:6)
  6 orc wizards
  Jessica (D:3)
  Natasha (thrice) (D:4)
  2 iguanas (D:8)
  5 worker ants
  A hound skeleton (D:8)
  A worker ant zombie (D:8)
  8 gnolls (D:6)
  10 adders
  2 shadow imps
  An ooze (D:3)
  4 worms
  A dart slug (D:1)
  6 leopard geckos
  27 orcs
  14 bats
  6 giant cockroaches
  12 goblins
  8 hobgoblins
  16 jackals
  35 kobolds
  6 quokkas
  3 ball pythons
  4 frilled lizards
  A quokka zombie (D:7)
  7 rats
  A fungus (Lair:1)
315 creatures vanquished.

Vanquished Creatures (others)
  A centaur skeleton (D:10)
  A slave (D:4)
  A worker ant (D:4)
3 creatures vanquished.

Grand Total: 318 creatures vanquished

Notes
Turn   | Place    | Note
-------+----------+-------------------------------------------
     0 | D:1      | evildog the Minotaur Berserker began the quest for the Orb.
     0 | D:1      | Reached XP level 1. HP: 19/19 MP: 0/0
    87 | D:1      | Reached skill level 4 in Maces & Flails
   342 | D:1      | Reached XP level 2. HP: 26/26 MP: 1/1
   572 | D:1      | Reached skill level 5 in Maces & Flails
   881 | D:2      | Reached XP level 3. HP: 31/31 MP: 2/2
  1369 | D:2      | Reached ** piety under Trog
  1569 | D:2      | Reached skill level 6 in Maces & Flails
  1569 | D:2      | Reached XP level 4. HP: 29/39 MP: 3/3
  2037 | D:3      | Reached skill level 7 in Maces & Flails
  2037 | D:3      | Reached XP level 5. HP: 36/45 MP: 4/4
  2240 | D:3      | Reached *** piety under Trog
  2404 | D:3      | Noticed Jessica
  2411 | D:3      | Killed Jessica
  2544 | D:3      | Received a gift from Trog
  2686 | D:3      | Noticed Grinder
  2696 | D:3      | Killed Grinder
  2696 | D:3      | Reached skill level 9 in Maces & Flails
  2696 | D:3      | Reached XP level 6. HP: 51/51 MP: 5/5
  2962 | D:3      | You fall through a shaft for 2 floors!
  2962 | D:5      | Entered Level 5 of the Dungeon
  3078 | D:4      | Noticed a slave
  3079 | D:4      | Noticed a slave
  3079 | D:4      | Noticed Pikel
  3080 | D:4      | Noticed a slave
  3080 | D:4      | Noticed a slave
  3087 | D:4      | Killed Pikel
  3087 | D:4      | Reached XP level 7. HP: 60/60 MP: 6/6
  3162 | D:4      | Noticed Blork the orc
  3191 | D:4      | Killed Blork the orc
  3193 | D:4      | Reached skill level 5 in Fighting
  3238 | D:4      | Found a staircase to the Ecumenical Temple.
  3247 | D:4      | Noticed Natasha
  3256 | D:4      | Killed Natasha
  3261 | D:4      | Noticed Sigmund
  3273 | D:4      | Killed Sigmund
  3273 | D:4      | Reached XP level 8. HP: 68/68 MP: 7/7
  3293 | D:4      | Noticed Natasha
  3297 | D:4      | Killed Natasha
  3329 | D:4      | Reached skill level 10 in Maces & Flails
  3601 | D:4      | Noticed Natasha
  3608 | D:4      | Killed Natasha
  3608 | D:4      | Reached skill level 5 in Armour
  4281 | D:3      | Found a runed door.
  4285 | D:3      | Noticed Crazy Yiuf
  4290 | D:3      | Killed Crazy Yiuf
  4584 | D:5      | Noticed Edmund
  4604 | D:5      | Killed Edmund
  4931 | D:5      | Reached **** piety under Trog
  5343 | D:6      | Reached XP level 9. HP: 75/78 MP: 8/8
  5470 | D:6      | Reached skill level 5 in Throwing
  5904 | D:6      | You fall through a shaft for 3 floors!
  6006 | D:9      | Reached skill level 11 in Maces & Flails
  6245 | D:9      | Noticed a troll
  6267 | D:9      | Killed a troll
  6339 | D:8      | Noticed Prince Ribbit
  6897 | D:8      | Killed Prince Ribbit
  7006 | D:7      | Noticed Menkaure
  7013 | D:7      | Killed Menkaure
  7065 | D:6      | Found a shimmering altar of Xom.
  7518 | D:7      | Reached XP level 10. HP: 88/90 MP: 9/9
  8699 | D:8      | Found Xurr's Gadget Shoppe.
  8710 | D:8      | Reached ***** piety under Trog
  9631 | D:10     | Entered Level 10 of the Dungeon
  9644 | D:10     | Received a gift from Trog
  9731 | D:10     | Reached skill level 12 in Maces & Flails
  9804 | D:10     | Found a staircase to the Lair.
  9816 | D:10     | Noticed a centaur warrior
  9830 | D:10     | Killed a centaur warrior
  9875 | D:10     | Got a bloodstained cloak
  9886 | D:10     | Identified the +1 cloak "Tostur" {rC++ rN+ Str-3 SInv} (You found it on level 10 of the Dungeon)
 10098 | D:10     | Noticed a tengu reaver
 10118 | D:10     | Killed a tengu reaver
 10118 | D:10     | Reached skill level 10 in Fighting
 10118 | D:10     | Reached XP level 11. HP: 99/99 MP: 10/10
 10260 | D:10     | Noticed an ogre mage
 10264 | D:10     | Killed an ogre mage
 10389 | D:10     | Noticed a stone giant
 10407 | D:10     | Killed a stone giant
 10407 | D:10     | Reached skill level 13 in Maces & Flails
 10813 | D:11     | Noticed a hill giant
 10869 | D:11     | Reached skill level 10 in Armour
 10872 | D:11     | Killed a hill giant
 10889 | D:11     | Noticed a death knight
 11221 | Lair:1   | Entered Level 1 of the Lair of Beasts
 11230 | Lair:1   | Received a gift from Trog
 11499 | Lair:1   | Noticed an oklob plant
 11517 | Lair:1   | Killed an oklob plant
 11639 | Lair:1   | Reached skill level 5 in Dodging
 11788 | Lair:1   | Noticed a four-headed hydra
 11796 | Lair:1   | Killed a four-headed hydra
 11814 | Lair:1   | Reached XP level 12. HP: 63/110 MP: 11/11
 12117 | D:11     | Killed a death knight
 12213 | D:11     | Noticed Erolcha
 12229 | D:11     | Killed Erolcha
 12229 | D:11     | Received a gift from Trog
 12264 | D:11     | Noticed a death knight
 12299 | D:11     | Killed a death knight
 12397 | D:11     | Noticed a death knight
 12404 | D:11     | Killed a death knight
 12558 | D:11     | Noticed a death knight
 12571 | D:11     | Killed a death knight
 12600 | D:11     | Noticed a death knight
 12602 | D:11     | Killed a death knight
 12671 | D:10     | Hit by a large rock thrown by a cyclops

Skill      XL: |  1  2  3  4  5  6  7  8  9 10 11 12 |
---------------+-------------------------------------+-----
Maces & Flails | 4 5 6 7 9 10 11 12 13 | 13.8
Fighting       | 4 5 6 8 10 11 | 11.7
Throwing       | 2 3 4 6 8 9 |  9.6
Armour         | 3 4 6 7 9 10 11 | 11.0
Dodging        | 3 5 7 |  7.4

Action                   |  1- 3 |  4- 6 |  7- 9 | 10-12 || total
-------------------------+-------+-------+-------+-------++-------
Melee: Mace              |    56 |       |       |       ||    56
       Headbutt          |    13 |    15 |    64 |   136 ||   228
       Whip              |    44 |   105 |   341 |   490 ||   980
       Flail             |       |       |       |    37 ||    37
Throw: Stone             |    15 |     3 |       |       ||    18
       Javelin           |       |       |       |     7 ||     7
Invok: Berserk           |       |     3 |     9 |    14 ||    26
       Burn Spellbooks   |       |       |       |     2 ||     2
       Trog's Hand       |       |       |       |     2 ||     2
Evoke: Wand              |       |     1 |       |       ||     1
  Use: Scroll            |       |     8 |     6 |     5 ||    19
       Potion            |       |       |     1 |       ||     1
 Stab: Sleeping          |     1 |       |       |       ||     1
  Eat: Chunk             |     2 |     7 |    31 |    29 ||    69
       Beef jerky        |       |       |     1 |       ||     1
Armor: Animal skin       |    21 |    17 |       |       ||    38
       Chain mail        |       |    22 |    16 |   104 ||   142
       Scale mail        |       |       |    78 |    11 ||    89
       Plate armour      |       |       |       |   129 ||   129
Dodge: Dodged            |    67 |    42 |    95 |   174 ||   378
